 Dungeon Crawl Stone Soup version 0.26-a0-579-g3afe4966bf (webtiles) character file.

Game seed: 13590813860551161125

405531 zyera the Slayer (level 22, -2/198 HPs)
             Began as a Demonspawn Berserker on Aug 22, 2020.
             Was a High Priest of Trog.
             Slain by a caustic shrike (11 damage)
             ... while paralysed by a floating eye
             ... on level 2 of the Depths on Aug 23, 2020.
             The game lasted 04:34:17 (113570 turns).

zyera the Slayer (Demonspawn Berserker)           Turns: 113570, Time: 04:34:18

Health: -2/198     AC: 19    Str: 31    XL:     22   Next: 36%
Magic:  0/6        EV:  2    Int: 15    God:    Trog [*****.]
Gold:   4884       SH:  0    Dex: 17    Spells: 21/21 levels left

rFire    + + +     SeeInvis +   a - +10 quick blade (antimagic)
rCold    + . .     Faith    .   n - +0 buckler
rNeg     . . .     Spirit   +   z - +7 Kryia's mail coat {PotionHeal*2 rC+}
rPois    +         Reflect  .   (helmet unavailable)
rElec    +         Harm     .   q - scarf {repulsion}
rCorr    +                      X - +1 pair of gloves "Foiwimaf" {rPois rC- SInv Stlth+}
MR       +++++                  B - +1 pair of boots "Iduihuif" {MR++}
Stlth    ..........             W - amulet "Puseifynt" {Spirit rF+}
HPRegen  1.43/turn              P - ring of Cowardice {rElec rC+ rCorr Str+3 Stlth-}
MPRegen  0.10/turn              j - ring "Aschymas" {rElec rF++ Str+5 Int+6}

@: paralysed, corroded, berserk cooldown, regenerating, slowed, repel missiles
A: antennae 3, thin metallic scales 3, demonic guardian 2, fire resistance 1,
foul stench 2, low mp 1, rot immunity, flame cloud immunity
}: 2/15 runes: barnacled, gossamer
a: Berserk, Trog's Hand, Brothers in Arms, Renounce Religion


You were on level 2 of the Depths.
You worshipped Trog.
Trog was extremely pleased with you.
You visited 9 branches of the dungeon, and saw 41 of its levels.
You also visited: Ossuary, Ice Cave and Volcano.

You collected 6491 gold pieces.
You spent 1607 gold pieces at shops.

Inventory:

Hand Weapons
 a - a +10 antimagic quick blade (weapon)
 b - a +3 rapier of venom
Missiles
 i - 135 poisoned darts (quivered)
 l - 26 silver javelins
 o - 6 curare-tipped darts
 F - 3 throwing nets
 J - 19 atropa-tipped darts
Armour
 n - a +0 buckler (worn)
 q - a scarf of repulsion (worn)
 z - the +7 Kryia's mail coat (worn) {PotionHeal*2 rC+}
   (You found it on level 6 of the Dungeon)

   It protects you from cold.
 B - the +1 pair of boots "Iduihuif" (worn) {MR++}
   (You found it on level 6 of the Dungeon)

   It affects your resistance to hostile enchantments.
 X - the +1 pair of gloves "Foiwimaf" (worn) {rPois rC- SInv Stlth+}
   (You found it on level 12 of the Dungeon)

   It makes you vulnerable to cold.
   It protects you from poison.
   It lets you see invisible.
   It makes you more stealthy.
Jewellery
 j - the ring "Aschymas" (right hand) {rElec rF++ Str+5 Int+6}
   (You found it in an ice cave)

   [ring of intelligence]

   It affects your strength (+5).
   It affects your intelligence (+6).
   It greatly protects you from fire.
   It insulates you from electricity.
 P - the ring of Cowardice (left hand) {rElec rC+ rCorr Str+3 Stlth-}
   (You acquired it on level 12 of the Dungeon)

   [ring of resist corrosion]

   It affects your strength (+3).
   It protects you from cold.
   It insulates you from electricity.
   It provides partial protection from all sources of acid and corrosion.
   It makes you less stealthy.
 W - the amulet "Puseifynt" (around neck) {Spirit rF+}
   (You acquired it on level 11 of the Dungeon)

   [amulet of guardian spirit]

   It causes incoming damage to be split between your health and magic.
   It protects you from fire.
Wands
 I - a wand of digging (21)
 L - a wand of acid (25)
 O - a wand of flame (98)
 Q - a wand of paralysis (26)
 U - a wand of polymorph (7)
 V - a wand of iceblast (36)
 Y - a wand of random effects (116)
Scrolls
 d - 11 scrolls of remove curse
 f - 33 scrolls of teleportation
 g - 5 scrolls of fog
 k - 5 scrolls of fear
 p - 15 scrolls of identify
 s - 4 scrolls of summoning
 u - 3 scrolls of blinking
 v - 2 scrolls of immolation
 w - 8 scrolls of enchant armour
 C - 8 scrolls of enchant weapon
 N - 4 scrolls of magic mapping
 R - a scroll of silence
Potions
 c - 7 potions of haste
 e - 5 potions of ambrosia
 h - 9 potions of curing
 m - a potion of heal wounds
 r - 2 potions of berserk rage
 t - 7 potions of mutation
 x - 5 potions of flight
 D - 9 potions of lignification
 E - 3 potions of invisibility
 G - 3 potions of stabbing
 H - a potion of magic
 K - a potion of resistance
 M - 2 potions of might
 S - 6 potions of cancellation
Miscellaneous
 y - a lightning rod (4/4)
 A - a box of beasts (3/3)
 T - a box of beasts (3/3)
 Z - a tin of tremorstones (3/3)


   Skills:
 + Level 22.5 Fighting
 - Level 14.0 Short Blades
   Level 3.0 Maces & Flails
 - Level 8.1 Armour
 + Level 20.0 Dodging
 - Level 4.0 Shields
 + Level 16.7 Evocations


You had 21 spell levels left.
You didn't know any spells.
Your spell library was empty.

Dungeon Overview and Level Annotations

Branches:
Dungeon (15/15)            Temple (0/1) D:4            Lair (6/6) D:8
 Shoals (4/4) Lair:4       Spider (4/4) Lair:2        Slime (0/5) Lair:6
    Orc (2/2) D:11            Elf (2/3) Orc:2        Vaults (4/5) D:13
  Crypt (1/3) Vaults:3     Depths (3/5) D:15        Ossuary (visited)
  IceCv (visited)         Volcano (visited)

Altars:
Cheibriados
Dithmenos
Kikubaaqudgha
Ru
Xom
The Shining One
Beogh
Jiyva

Shops:
D:6 *   Orc:2 =[[([

Portals:
Hell: Depths:1 Depths:2

Annotations:
Shoals:2 Roxanne
Depths:1 1 runed translucent door, Uviano's ghost, veteran VSFi
Depths:2 2 runed translucent doors, exclusion: 2 doors, Xyczimm's ghost, adept FeFE


Innate Abilities, Weirdness & Mutations

You have a pair of large antennae on your head. (SInv)
You are completely covered in thin metallic scales. (AC +4, rElec)
A demonic guardian rushes to your aid.
Your flesh is heat resistant. (rF+)
You frequently emit foul miasma when damaged in melee.
You are immune to rotting.
You are immune to clouds of flame.
Your magical capacity is low. (-10% MP)


Message History

* * * LOW HITPOINT WARNING * * *
You are splashed with acid.
You resist.
* * * LOW HITPOINT WARNING * * *
The caustic shrike claws you!!
* * * LOW HITPOINT WARNING * * *
You are splashed with acid.
You resist.
* * * LOW HITPOINT WARNING * * *
Your orange demon stings the caustic shrike from afar.
Your sixfirhy closely misses the caustic shrike.
The caustic shrike claws you!!
* * * LOW HITPOINT WARNING * * *
You are splashed with acid.
You resist.
* * * LOW HITPOINT WARNING * * *
Your sixfirhy closely misses the caustic shrike.
Your sixfirhy hits the caustic shrike.
Your sixfirhy shocks the caustic shrike!
Your sixfirhy hits the caustic shrike.
Your sixfirhy shocks the caustic shrike!
The caustic shrike claws you!
You die...

#.#..### #..
..#)).....#
..#..### #.. ##.
#.#...#.#
###....# { #.....
#.......#
....#.## {{
#.#..{ #...#...#
#.#.#.# { #.#.
{.#.......#
.#..#>#
#DD##...#.#...#.#
###.#'##
#CCG....#.....).#
..#....#
#b#############(#
.##....#
#@3.....#.)..(..#
.....>.#
#4.#....#.)#....#
###....#
#.....#.#..###..#
..#....#
#.[.#...#.......#
#.#....#
#.#.....#.†###..#
'.#....#
#....#..#....#..#
#.#..###
#..........^....#
..#..#
#################
###..#


You could see 2 golden dragons, a caustic shrike (extremely poisoned, sick), 2
fire giants, a friendly orange demon (summoned) and a friendly sixfirhy
(summoned).

Vanquished Creatures
  A juggernaut (Depths:2)
  Margery (Vaults:4)
  Bai Suzhen (Vaults:3)
  Jorgrun (D:15)
  An ancient champion (Vaults:2)
  Polyphemus (Shoals:2)
  Frances (Shoals:2)
  Agnes (Spider:1)
  3 sphinxes
  2 tengu reavers (Vaults:3)
  A storm dragon (Depths:2)
  A shadow dragon (Depths:1)
  9 vault wardens
  5 fire giants
  3 ghost moths
  10 emperor scorpions
  A deep elf sorcerer (Vaults:4)
  3 frost giants
  A ghoul (Vaults:3)
  Louise (Spider:1)
  8 ironheart preservers
  7 very ugly things (Depths:1)
  3 entropy weavers
  A vampire knight (Vaults:2)
  9 stone giants
  3 deep elf demonologists
  Azrael (D:14)
  A deep elf annihilator (Elf:2)
  4 spark wasps
  Snorg (Lair:3)
  A crystal guardian (Vaults:4)
  A deep elf death mage (Elf:1)
  6 ettins
  4 merfolk javelineers
  9 merfolk impalers
  3 fire dragons
  4 great orbs of eyes
  7 vault guards
  3 rakshasas
  7 yaktaur captains
  5 ice dragons
  8 hydras
  2 merfolk avatars (Shoals:4)
  5 merfolk aquamancers
  A catoblepas (Shoals:2)
  A spriggan air mage (Depths:2)
  8 centaur warriors
  Erica (D:11)
  3 death knights (Vaults:3)
  20 dancing weapons
  11 ogre magi
  6 deep troll earth magi
  2 satyrs (Shoals:3)
  4 death yaks (Shoals:1)
  4 deep troll shamans
  3 tengu warriors
  35 two-headed ogres
  An orc high priest (Orc:2)
  2 vampire magi
  3 spriggan berserkers
  Urug (D:11)
  7 deep elf knights
  Nergalle (D:11)
  Sonja (Lair:4)
  2 hell knights (Vaults:4)
  13 skeletal warriors
  5 glowing orange brains
  4 shadow wraiths
  A fire crab (shapeshifter) (Depths:1)
  15 sea snakes
  An unseen horror (shapeshifter) (D:15)
  15 deep trolls
  2 unseen horrors
  A shadow dragon zombie (Vaults:3)
  A flayed ghost (Vaults:4)
  8 deep elf archers
  5 wizards
  A phantasmal warrior (Vaults:3)
  A tengu zombie (Vaults:1)
  10 orc knights
  15 harpies
  12 ironbrand convokers
  5 orc sorcerers
  22 orb spiders
  5 necromancers
  37 deep elf magi
  14 fauns
  35 wolf spiders
  13 manticores
  48 ugly things
  A salamander (Volcano)
  A fire giant zombie (Vaults:3)
  A cyclops (shapeshifter) (Depths:1)
  17 cyclopes
  A human skeleton (Vaults:3)
  4 black mambas
  12 vault sentinels
  3 elephants
  A stone giant skeleton (Vaults:1)
  A moth of wrath (Spider:3)
  2 ice statues (IceCv)
  23 cane toads
  3 water nymphs
  An eye of devastation (shapeshifter) (Depths:1)
  10 merfolk sirens
  3 centaur skeletons
  2 torpor snails
  5 gargoyles
  A kobold demonologist (D:14)
  7 komodo dragons
  2 komodo dragons (shapeshifter)
  3 rime drakes
  12 demonic crawlers
  3 tengu conjurers
  2 efreet
  8 freezing wraiths
  A troll (shapeshifter) (D:14)
  29 yaktaurs
  An entropy weaver simulacrum (Vaults:3)
  2 ice devils (D:14)
  A queen bee (shapeshifter) (Vaults:3)
  3 wind drakes
  26 merfolk
  2 yaktaur skeletons (Vaults:4)
  28 jumping spiders
  A wolf spider simulacrum (D:14)
  7 trolls
  2 polar bears
  A hornet (shapeshifter) (Vaults:2)
  A blink frog (shapeshifter) (Vaults:3)
  6 slime creatures
  A hippogriff (shapeshifter) (Elf:2)
  4 tyrant leeches (Lair:6)
  15 hornets
  7 dream sheep
  11 blink frogs
  A dream sheep (shapeshifter) (Vaults:3)
  13 snapping turtles
  9 hippogriffs
  79 redbacks
  4 air elementals (Elf:2)
  24 water elementals
  A redback (shapeshifter) (Vaults:1)
  A shadow (D:15)
  29 tarantellas
  25 yaks
  A vampire (D:14)
  5 wraiths
  6 wyverns
  A basilisk (D:14)
  4 fire elementals
  A chaos spawn (D:15)
  A human (shapeshifter) (Vaults:4)
  9 vampire mosquitoes
  A yaktaur simulacrum (Vaults:2)
  7 wargs
  2 soldier ants (D:12)
  2 acid dragons
  A floating eye (Depths:2)
  8 water moccasins
  2 hell hounds (D:14)
  A deep troll skeleton (Vaults:1)
  6 porcupines
  19 ice beasts
  6 sky beasts
  32 orc warriors
  5 phantoms
  A black bear (D:7)
  A black bear (shapeshifter) (Vaults:3)
  29 ogres
  24 centaurs
  A necrophage (D:7)
  3 boggarts (D:15)
  15 wolves
  11 crocodiles
  An elf simulacrum (Vaults:1)
  6 big kobolds
  6 elf zombies (Ossuary)
  24 bullfrogs
  3 human simulacra
  A glowing shapeshifter simulacrum (Vaults:3)
  A wyvern zombie (D:10)
  5 scorpions
  10 killer bees
  11 wights
  4 howler monkeys
  An electric eel (Lair:6)
  A vampire bat (D:5)
  4 human zombies
  A quasit (D:8)
  3 jellies
  2 bullfrog zombies
  3 centaur zombies
  A bullfrog skeleton (D:6)
  20 orc priests
  4 hounds
  An iron imp (D:7)
  Jessica (D:3)
  3 iguanas
  43 orc wizards
  12 worker ants
  A killer bee zombie (D:8)
  2 mummies (Ossuary)
  A worker ant zombie (D:10)
  13 adders
  11 gnolls
  A shadow imp (D:10)
  7 white imps
  2 ufetubi
  An adder skeleton (D:5)
  5 worms
  4 dart slugs
  3 fire bats (D:5)
  5 leopard geckos
  102 orcs
  2 spectral bats (D:5)
  A bat simulacrum (D:5)
  3 bat skeletons (D:5)
  A bat zombie (D:5)
  5 giant cockroaches
  10 goblins
  10 hobgoblins
  6 jackals
  15 kobolds
  7 quokkas
  4 ball pythons
  18 bats
  4 frilled lizards
  A leopard gecko skeleton (D:8)
  7 rats
1650 creatures vanquished.

Vanquished Creatures (collateral kills)
  A juggernaut (Depths:2)
  A lich (Depths:2)
  Arachne (Spider:2)
  An ancient champion (Vaults:2)
  Kirke (D:15)
  A shadow dragon (Vaults:3)
  Donald (Shoals:1)
  A frost giant (Shoals:4)
  An orc warlord (Orc:1)
  5 emperor scorpions
  5 ironheart preservers
  A stone giant (Depths:2)
  4 very ugly things
  A spriggan defender (Vaults:2)
  A vampire knight (Vaults:2)
  A spark wasp (Depths:1)
  A merfolk javelineer (Shoals:4)
  A fire dragon (Depths:1)
  Josephine (D:10)
  A merfolk impaler (Shoals:4)
  3 rakshasas
  A yaktaur captain (Vaults:4)
  5 vault guards
  2 great orbs of eyes
  An ice dragon (Depths:2)
  A hydra (Lair:4)
  2 merfolk avatars
  3 centaur warriors
  7 two-headed ogres
  A merfolk aquamancer (Shoals:3)
  5 ogre magi
  A dancing weapon (Elf:2)
  A deep troll shaman (Depths:2)
  A deep troll earth mage (Depths:2)
  2 hell hogs (Volcano)
  An orc high priest (Orc:1)
  2 deep elf knights (Elf:2)
  2 skeletal warriors (Vaults:2)
  3 hell knights (Vaults:4)
  A deep elf archer (Vaults:4)
  A deep troll (Depths:2)
  6 deep elf magi
  2 harpies
  Pikel (D:9)
  A necromancer (Vaults:4)
  2 orb spiders (Spider:1)
  2 orc knights
  2 wolf spiders
  2 fauns
  7 ugly things
  A salamander (Volcano)
  5 orc sorcerers
  2 centaur zombies
  An elephant (Lair:6)
  A black mamba (Lair:5)
  2 naga magi (D:15)
  A gargoyle (D:11)
  4 cane toads
  A kobold demonologist (D:14)
  4 yaktaurs
  A tengu conjurer (D:14)
  A demonic crawler (Spider:1)
  A merfolk (Shoals:1)
  4 jumping spiders (Spider:1)
  2 trolls (D:10)
  A hornet (Spider:1)
  A hippogriff (Lair:1)
  8 blink frogs
  16 dream sheep
  A water elemental (Shoals:3)
  4 wraiths (D:10)
  A tarantella (Spider:2)
  24 yaks
  5 redbacks
  2 fire bats (Volcano)
  2 fire elementals (D:14)
  2 vampire mosquitoes (D:14)
  3 hell hounds
  2 water moccasins
  A porcupine (Lair:1)
  13 orc warriors
  7 ogres
  3 centaurs
  A crocodile (D:10)
  4 wolves
  A lemure (D:9)
  2 bullfrogs (Lair:5)
  A human skeleton (Vaults:4)
  A wyvern zombie (D:10)
  2 scorpions
  A killer bee (D:9)
  A water moccasin skeleton (D:10)
  A wight (D:10)
  A human zombie (Ossuary)
  A jelly (D:8)
  5 orc priests
  7 orc wizards
  A worker ant (D:14)
  A mummy (Ossuary)
  A worker ant zombie (D:10)
  An adder (D:10)
  A white imp (D:14)
  An ufetubus (D:14)
  A worm (Lair:2)
  A leopard gecko (D:10)
  10 orcs
  A jackal (D:3)
  A bat (D:5)
278 creatures vanquished.

Vanquished Creatures (others)
  Asterion (Spider:2)
  A deep troll (Depths:1)
  A deep elf mage (Elf:1)
  A cane toad (Lair:6)
  A jumping spider (Spider:2)
  A redback (Spider:1)
  4 humans (D:15)
  A chaos spawn (D:15)
  A centaur (Volcano)
  A bullfrog (D:15)
  2 orc wizards
  An iguana (D:12)
  An orc (Orc:2)
  A bush (D:7)
  55 fungi
  277 plants
350 creatures vanquished.

Grand Total: 2278 creatures vanquished

Notes
Turn   | Place    | Note
-------+----------+-------------------------------------------
     0 | D:1      | zyera the Demonspawn Berserker began the quest for the Orb.
     0 | D:1      | Reached XP level 1. HP: 18/18 MP: 1/1
   235 | D:1      | Gained mutation: You are partially covered in thin metallic
                  | scales. (AC +2) [demonic ancestry]
   235 | D:1      | Reached XP level 2. HP: 19/24 MP: 2/2
   767 | D:1      | Reached ** piety under Trog
   767 | D:1      | Gained mutation: A weak demonic guardian rushes to your
                  | aid. [demonic ancestry]
   767 | D:1      | Reached XP level 3. HP: 28/29 MP: 3/3
  2006 | D:2      | Gained mutation: You are immune to rotting. [demonic
                  | ancestry]
  2006 | D:2      | Reached XP level 4. HP: 20/37 MP: 4/4
  2025 | D:2      | Reached skill level 4 in Fighting
  2512 | D:2      | Gained mutation: You are mostly covered in thin metallic
                  | scales. (AC +3) [demonic ancestry]
  2512 | D:2      | Reached XP level 5. HP: 42/42 MP: 5/5
  3019 | D:3      | Noticed Jessica
  3029 | D:3      | Killed Jessica
  3315 | D:3      | Reached *** piety under Trog
  3591 | D:3      | Reached skill level 5 in Fighting
  3591 | D:3      | Gained mutation: You may emit foul miasma when damaged in
                  | melee. [demonic ancestry]
  3591 | D:3      | Reached XP level 6. HP: 31/51 MP: 6/6
  4714 | D:4      | Found a staircase to the Ecumenical Temple.
  5057 | D:5      | Entered Level 5 of the Dungeon
  5442 | D:5      | Gained mutation: You have a pair of small antennae on your
                  | head. [demonic ancestry]
  5442 | D:5      | Reached XP level 7. HP: 54/57 MP: 7/7
  5497 | D:5      | Reached skill level 5 in Armour
  5633 | D:4      | Reached skill level 6 in Fighting
  6642 | D:5      | Reached **** piety under Trog
  6956 | D:6      | Found a sand-covered staircase.
  6965 | Ossuary  | Entered an ossuary
  6988 | Ossuary  | Reached skill level 7 in Fighting
  7002 | Ossuary  | Gained mutation: A demonic guardian rushes to your aid.
                  | [demonic ancestry]
  7002 | Ossuary  | Reached XP level 8. HP: 55/67 MP: 8/8
  7511 | Ossuary  | Reached skill level 8 in Fighting
  7816 | D:6      | Found the +7 Kryia's mail coat {PotionHeal*2 rC+}
  8203 | D:6      | Got a pair of ichor-stained boots
  8262 | D:6      | Noticed a two-headed ogre
  8267 | D:6      | Killed a two-headed ogre
  8267 | D:6      | Reached skill level 9 in Fighting
  8267 | D:6      | Reached XP level 9. HP: 70/76 MP: 9/9
  8427 | D:6      | Found Musiasaf's General Store.
  8435 | D:6      | Bought a +1 rapier of venom for 165 gold pieces
  8609 | D:7      | Found a snail-covered altar of Cheibriados.
  8843 | D:7      | Reached skill level 1 in Short Blades
 10735 | D:7      | Reached skill level 10 in Fighting
 10951 | D:8      | Gained mutation: You have a pair of antennae on your head.
                  | [demonic ancestry]
 10951 | D:8      | Reached XP level 10. HP: 85/85 MP: 10/10
 11544 | D:8      | Found a staircase to the Lair.
 12090 | D:8      | Reached skill level 5 in Dodging
 12148 | D:9      | Noticed Pikel
 12153 | D:9      | Reached ***** piety under Trog
 12164 | D:9      | Killed Pikel
 12420 | D:9      | Reached skill level 5 in Short Blades
 12705 | D:10     | Entered Level 10 of the Dungeon
 13739 | D:10     | Reached skill level 11 in Fighting
 14088 | D:10     | Identified the +1 pair of boots "Iduihuif" {MR++} (You
                  | found it on level 6 of the Dungeon)
 14472 | D:10     | Noticed Josephine
 14484 | D:10     | Killed Josephine
 14484 | D:10     | Gained mutation: You are completely covered in thin
                  | metallic scales. (AC +4, rElec) [demonic ancestry]
 14484 | D:10     | Reached XP level 11. HP: 37/93 MP: 11/11
 15655 | Lair:1   | Entered Level 1 of the Lair of Beasts
 16034 | Lair:1   | You fall into a shaft and drop 1 floor!
 17794 | Lair:2   | Found a hole to the Spider Nest.
 17800 | Lair:2   | Paralysed by a hornet for 3 turns
 18099 | Lair:1   | Received a gift from Trog
 18522 | Lair:3   | Reached skill level 12 in Fighting
 18594 | Lair:3   | Noticed Snorg
 18608 | Lair:3   | Killed Snorg
 18925 | Lair:3   | Found a shadowy altar of Dithmenos.
 19431 | Lair:4   | Found an ancient bone altar of Kikubaaqudgha.
 19780 | Lair:4   | Gained mutation: You have a pair of large antennae on your
                  | head. (SInv) [demonic ancestry]
 19780 | Lair:4   | Reached XP level 12. HP: 103/103 MP: 12/12
 20036 | Lair:4   | Noticed a six-headed hydra
 20047 | Lair:4   | Killed a six-headed hydra
 20129 | Lair:4   | Found a dark tunnel.
 20141 | Volcano  | Entered a volcano
 20258 | Volcano  | Noticed a hell hog
 20268 | Volcano  | Killed a hell hog
 20293 | Volcano  | Noticed a two-headed ogre
 20293 | Volcano  | Noticed a hell hog
 20293 | Volcano  | Killed a two-headed ogre
 20301 | Volcano  | Killed a hell hog
 20574 | Volcano  | Upgraded the game from 0.26-a0-576-gcfaa98f945 to
                  | 0.26-a0-579-g3afe4966bf
 20785 | Lair:4   | Reached skill level 13 in Fighting
 21172 | Lair:4   | Found a staircase to the Shoals.
 21361 | Lair:5   | Noticed Sonja
 21633 | Lair:5   | Noticed a four-headed hydra
 21645 | Lair:5   | Killed a four-headed hydra
 22665 | Lair:5   | Noticed an eight-headed hydra
 22719 | Lair:4   | Killed Sonja
 22723 | Lair:4   | Reached skill level 10 in Dodging
 23116 | Lair:4   | Killed an eight-headed hydra
 23638 | Lair:5   | Reached XP level 13. HP: 108/111 MP: 13/13
 23897 | Lair:5   | Reached skill level 10 in Short Blades
 24446 | Lair:6   | Entered Level 6 of the Lair of Beasts
 25459 | Lair:6   | Found a viscous altar of Jiyva.
 25459 | Lair:6   | Found a staircase to the Slime Pits.
 26068 | Lair:5   | Reached skill level 14 in Fighting
 30686 | D:11     | Noticed Erica
 30697 | D:11     | Killed Erica
 30701 | D:11     | Noticed Nergalle
 30723 | D:11     | Killed Nergalle
 31306 | D:11     | Found a staircase to the Orcish Mines.
 31945 | D:11     | Gained mutation: Your flesh is heat resistant. (rF+)
                  | [demonic ancestry]
 31945 | D:11     | Reached XP level 14. HP: 95/121 MP: 14/14
 32390 | D:11     | You fall into a shaft and drop 1 floor!
 32830 | D:12     | Received a gift from Trog
 32840 | D:12     | Found a glowing golden altar of the Shining One.
 32953 | D:11     | Noticed Urug
 32965 | D:11     | Killed Urug
 33153 | D:11     | Identified 2 scrolls of acquirement
 33153 | D:11     | Acquired the amulet "Puseifynt" {Spirit rF+}
 34111 | D:12     | Got a pair of steaming gloves
 34152 | D:12     | Acquired the ring of Cowardice {rElec rC+ rCorr Str+3
                  | Stlth-}
 34788 | D:12     | Identified the +1 pair of gloves "Foiwimaf" {rPois rC- SInv
                  | Stlth+} (You found it on level 12 of the Dungeon)
 34994 | D:12     | Reached skill level 15 in Fighting
 35393 | Orc:1    | Entered Level 1 of the Orcish Mines
 35625 | Orc:1    | Noticed an orc warlord
 35661 | Orc:1    | Killed an orc warlord
 36525 | Orc:1    | Found a roughly hewn altar of Beogh.
 36894 | Orc:2    | Entered Level 2 of the Orcish Mines
 37207 | Orc:1    | Received a gift from Trog
 38006 | Orc:2    | Found Tuwk's Weapon Shop.
 38006 | Orc:2    | Found Mybb's Antique Armour Shoppe.
 38282 | Orc:2    | Gained mutation: Your magical capacity is low. (-10% MP) [a
                  | neqoxec]
 38317 | Orc:2    | Received a gift from Trog
 38323 | Orc:2    | Found a roughly hewn altar of Beogh.
 38840 | Orc:2    | Found Hoblonk's Jewellery Shoppe.
 39145 | Orc:2    | Found a staircase to the Elven Halls.
 39217 | Orc:2    | Found Acsiumim's Antique Armour Shoppe.
 39217 | Orc:2    | Found Zeriesoj's Antique Armour Shop.
 39233 | Orc:2    | Bought a citrine-encrusted plate armour for 980 gold pieces
 39233 | Orc:2    | Identified the +1 plate armour of Xobbuk {-Cast Int+6
                  | Dex+2} (You bought it in a shop on level 2 of the Orcish
                  | Mines)
 42799 | D:13     | Found a gate to the Vaults.
 42804 | D:13     | Reached XP level 15. HP: 129/129 MP: 13/13
 42956 | D:14     | Found a frozen archway.
 42986 | D:14     | Received a gift from Trog
 43054 | IceCv    | Entered an ice cave
 43964 | IceCv    | Got a coiled steel ring
 43967 | IceCv    | Identified the ring "Aschymas" {rElec rF++ Str+5 Int+6}
                  | (You found it in an ice cave)
 44208 | D:14     | Found a sacrificial altar of Ru.
 44542 | D:14     | Noticed Azrael
 44561 | D:14     | Killed Azrael
 45786 | D:14     | Reached skill level 16 in Fighting
 47513 | D:14     | Found a sacrificial altar of Ru.
 48140 | D:15     | Entered Level 15 of the Dungeon
 48140 | D:15     | Noticed Kirke
 48149 | D:15     | Killed Kirke
 48681 | D:15     | Received a gift from Trog
 48875 | D:15     | Found a staircase to the Depths.
 48968 | D:15     | Found a shimmering altar of Xom.
 49696 | D:15     | Noticed Jorgrun
 49722 | D:15     | Killed Jorgrun
 50172 | D:15     | Found the +7 mace of Variability {chain chaos}
 50709 | Spider:1 | Entered Level 1 of the Spider Nest
 51282 | Lair:2   | Reached XP level 16. HP: 127/140 MP: 11/14
 51430 | Lair:2   | Reached skill level 1 in Shields
 53041 | Lair:2   | Reached skill level 17 in Fighting
 54226 | Spider:1 | Paralysed by a hornet for 1 turns
 54933 | Spider:2 | Noticed Louise
 55017 | Spider:1 | Killed Louise
 55017 | Spider:1 | Reached skill level 1 in Evocations
 55617 | Spider:2 | Noticed Agnes
 55639 | Spider:1 | Killed Agnes
 55862 | Spider:2 | Noticed Arachne
 55888 | Spider:2 | Killed Arachne
 57541 | Spider:2 | Noticed Asterion
 58437 | Spider:2 | Killed Asterion
 60858 | Spider:3 | Reached skill level 15 in Dodging
 60858 | Spider:3 | Reached skill level 5 in Evocations
 63198 | Spider:3 | Reached XP level 17. HP: 149/149 MP: 15/15
 64142 | Spider:3 | Received a gift from Trog
 65795 | Spider:4 | Entered Level 4 of the Spider Nest
 66053 | Spider:4 | Reached skill level 18 in Fighting
 69676 | Spider:4 | Got a gossamer rune of Zot
 70752 | Shoals:1 | Entered Level 1 of the Shoals
 71130 | Shoals:1 | Received a gift from Trog
 71332 | Shoals:1 | Noticed Donald
 71370 | Shoals:1 | Killed Donald
 71431 | Shoals:1 | Identified the cursed +0 rapier of Darkness {vamp, rElec
                  | rPois rF- rN++ MP+9}
 73492 | Shoals:2 | Noticed Polyphemus
 74369 | Shoals:2 | Killed Polyphemus
 74369 | Shoals:2 | Gained mutation: You frequently emit foul miasma when
                  | damaged in melee. [demonic ancestry]
 74369 | Shoals:2 | Reached XP level 18. HP: 115/159 MP: 11/16
 74622 | Shoals:2 | Noticed Frances
 75348 | Shoals:2 | Killed Frances
 75458 | Shoals:2 | Identified Roxanne's Compendium of Transformation
 75458 | Shoals:2 | Noticed Roxanne
 76791 | Shoals:2 | Received a gift from Trog
 77347 | Shoals:3 | Reached skill level 19 in Fighting
 79218 | Shoals:4 | Entered Level 4 of the Shoals
 79628 | Shoals:3 | Reached skill level 10 in Evocations
 82463 | Shoals:3 | Received a gift from Trog
 82466 | Shoals:3 | Got a translucent dagger {god gift}
 82468 | Shoals:3 | Identified the +6 dagger of Amiarrej {vorpal, rElec rPois}
                  | (Trog gifted it to you on level 3 of the Shoals)
 84487 | Shoals:4 | Identified the +9 broad axe of the World {flame, rPois rC+
                  | MR+}
 84794 | Shoals:4 | Got a barnacled rune of Zot
 85982 | Vaults:1 | Entered Level 1 of the Vaults
 87250 | Vaults:1 | Reached ****** piety under Trog
 87801 | Vaults:1 | Reached XP level 19. HP: 168/168 MP: 5/17
 90067 | Vaults:2 | Received a gift from Trog
 90390 | Vaults:2 | Reached skill level 20 in Fighting
 90676 | Vaults:2 | HP: 4/169 [ancient champion/+2 great mace of draining (10)]
 92633 | Vaults:2 | Received a gift from Trog
 95437 | Vaults:3 | Identified the cursed +3 hunting sling "Zeet" {speed,
                  | rElec}
 95814 | Vaults:3 | Found a staircase to the Crypt.
 96320 | Vaults:3 | Reached XP level 20. HP: 132/178 MP: 6/18
 97127 | Vaults:4 | Noticed Bai Suzhen
 97162 | Vaults:3 | Killed Bai Suzhen
 97953 | Vaults:4 | Received a gift from Trog
 99141 | Vaults:4 | Reached skill level 21 in Fighting
 99187 | Vaults:4 | Received a gift from Trog
100453 | Vaults:4 | Noticed Margery
100518 | Vaults:4 | Killed Margery
100518 | Vaults:4 | Received a gift from Trog
101269 | Crypt:1  | Entered Level 1 of the Crypt
101667 | Elf:1    | Entered Level 1 of the Elven Halls
102777 | Elf:2    | Reached XP level 21. HP: 187/187 MP: 6/18
103042 | Elf:2    | Acquired 790 gold pieces
103511 | Elf:2    | Found a runed translucent gate.
103511 | Elf:2    | Found a runed translucent gate.
103512 | Elf:2    | Found a runed translucent gate.
103693 | Elf:2    | Received a gift from Trog
103894 | Elf:2    | Reached skill level 15 in Evocations
105729 | Depths:1 | Entered Level 1 of the Depths
106477 | Depths:1 | Received a gift from Trog
108247 | Depths:1 | Reached skill level 22 in Fighting
109081 | Depths:1 | Found a gateway to Hell.
109093 | Depths:1 | Found a runed translucent door.
109093 | Depths:1 | Found a shimmering altar of Xom.
109093 | Depths:1 | Noticed Uviano's ghost (veteran VSFi)
109394 | Orc:2    | Bought a glowing cloak for 262 gold pieces
109432 | Orc:2    | Bought an embroidered scarf for 200 gold pieces
110293 | Depths:2 | Received a gift from Trog
111551 | Depths:2 | Paralysed by a floating eye for 2 turns
111561 | Depths:2 | Noticed a juggernaut
111581 | Depths:2 | Killed a juggernaut
111581 | Depths:2 | Gained mutation: You are immune to clouds of flame.
                  | [demonic ancestry]
111581 | Depths:2 | Reached XP level 22. HP: 185/196 MP: 4/19
112474 | Depths:2 | Found a runed translucent door.
112475 | Depths:2 | Noticed an ancient lich
112478 | Depths:2 | Found a runed translucent door.
112481 | Depths:2 | Noticed Xyczimm's ghost (adept FeFE)
112646 | Depths:2 | You fall into a shaft and drop 1 floor!
112684 | Depths:3 | Received a gift from Trog
113501 | Depths:2 | Noticed a juggernaut
113501 | Depths:2 | Noticed a caustic shrike
113531 | Depths:2 | Killed a juggernaut
113539 | Depths:2 | Noticed a golden dragon
113539 | Depths:2 | Paralysed by a floating eye for 4 turns
113555 | Depths:2 | Noticed a golden dragon
113568 | Depths:2 | Paralysed by a floating eye for 4 turns
113569 | Depths:2 | HP: 9/198 [caustic shrike (17)]
113570 | Depths:2 | Slain by a caustic shrike

Illustrated notes

Levels and vault maps discovered:
D:1:      enne_arrival_octagon_isle, layout_basic
D:2:      layout_rooms, grunt_ministairs_1
D:3:      layout_basic, uniq_jessica
D:4:      layout_basic, minmay_temple_entry_stoned_glass
D:5:      layout_cave_pools, goddamned_bats
D:6:      hangedman_cross_stitches, layout_basic,
          nicolae_ossuary_entry_monument, serial_shops, shop
D:7:      layout_basic, slow_altar_1, kb_lookout_dungeons_type
D:8:      layout_cave_pools, david_lair_shrubbed
D:9:      layout_cave_pools, item_on_display_a, uniq_pikel
D:10:     layout_cave_pools, st_stairs_11, uniq_josephine
D:11:     layout_roguey, orc_0_dummy, uniq_erica, uniq_nergalle, uniq_urug
D:12:     layout_irregular_city, basic_altar, hangedman_pestilent_swarm,
          grunt_potential
D:13:     layout_loops_cross, grunt_vaults_entry_fortified
D:14:     wad_arrow_thing, layout_cave_pods, serial_ice, serial_ice_b,
          serial_ice_c, serial_ice_l, serial_ice_o, serial_ice_h, serial_ice_d,
          portal_ice_cave_demonic_guard, nicolae_ru_awakened_eye, uniq_azrael
D:15:     grunt_enter_depths_magical_seal, layout_irregular_city,
          minmay_misc_feat_tiny, minmay_guarded_unrand_variability,
          uniq_jorgrun, uniq_kirke
Lair:1:   layout_regular_city
Lair:2:   layout_long_grid, nicolae_spider_entry_non_spiders
Lair:3:   layout_regular_city, basic_altar, uniq_snorg
Lair:4:   layout_regular_city, minmay_shoals_entry_lonely_mermaid, basic_altar,
          lightli_volcano_entry_magma_tube, infiniplex_staircase_pool
Lair:5:   layout_layer_cave, beast_lair_carwin_2, grunt_megastairs_1,
          lemuel_fruit_tree, uniq_sonja
Lair:6:   minmay_lair_end_frog_pond, layout_layer_cave,
          dpeg_slime_entry_enclosed_altar
Shoals:1: layout_shoals, hangedman_shoals_cup_caves, uniq_donald
Shoals:2: layout_shoals, overgrown_hall, uniq_frances, uniq_polyphemus,
          uniq_roxanne
Shoals:3: layout_shoals
Shoals:4: shoals_end_grunt_ice, layout_shoals
Spider:1: nicolae_spider_corner, nicolae_spider_shape,
          hangedman_spider_tarantella_strand
Spider:2: spiders_nest_scorpion_pit, uniq_arachne, uniq_agnes, uniq_louise,
          uniq_asterion
Spider:3: layout_chambers
Spider:4: grunt_spider_rune_circles
Orc:1:    orc_temple, layout_caves
Orc:2:    st_orc_town, layout_caves, serial_shops, shop
Elf:1:    eino_elf_arrival_the_gate, layout_onion_city, minmay_elf_demonology,
          grunt_ministairs_8
Elf:2:    layout_geoelf_diagonals
Vaults:1: v_misc_13, ontoclasm_vaults_chip, v_misc_17,
          nicolae_vaults_angled_halls, ontoclasm_vaults_chip, vaults_room_fours,
          serial_ice_b, layout_vaults_big_room
Vaults:2: hangedman_vaults_locks, vaults_room_boxed, v_rooms_5,
          nicolae_vaults_little_squares_1, ontoclasm_vaults_claustrophobia,
          nicolae_vaults_yaktaur_gun_rack, hangedman_vaults_snaps,
          sword_in_stone, grunt_vaults_hallway_short, vaults_room_corners,
          nicolae_vaults_circle_grid_a, ontoclasm_vaults_ligature,
          nicolae_vaults_angled_halls, vaults_dpeg_diagonal,
          layout_vaults_big_cross
Vaults:3: grunt_vaults_diagonal, nicolae_vaults_little_squares_6,
          vaults_room_pools, serial_ice_b, nicolae_vaults_little_squares_6,
          minmay_crypt_entry_simple_statues, v_misc_16,
          vaults_mumra_minichess_inversion, ontoclasm_vaults_twist,
          nicolae_vaults_ring_of_whatevers, nicolae_vaults_network_square,
          v_misc_19, st_check, v_misc_1, layout_vaults_omnibox
Vaults:4: v_pattern_2, st_lattice, ontoclasm_vaults_idyll,
          ontoclasm_vaults_tryst, vaults_room_corners, vaults_room_hallway,
          hangedman_vaults_pinch, vaults_dpeg_cross, hangedman_vaults_unwind,
          nicolae_vaults_circle_grid_b, v_misc_27,
          nicolae_vaults_ninety_degrees, layout_vaults_maze_bifur, uniq_margery,
          uniq_bai_suzhen
Crypt:1:  layout_gridlike
Depths:1: layout_big_octagon, serial_bayou, serial_bayou_crossing,
          serial_bayou_pond_e, serial_bayou_pond_c, serial_bayou_pond_a,
          hell_entry, ebering_ghost_xom, minmay_misc_feat_alley,
          minmay_mirror_moons_of_madness
Depths:2: minmay_nine_rooms, layout_gridlike, muffindrake_ghost_dual_entry,
          hell_entry, minmay_misc_feat_enclosed, abyss_entry,
          minmay_shattered_shrine, infiniplex_staircase_zigzag_2,
          serial_bayou_shore_a
Depths:3: minmay_the_grid_triangle_9x9_recursive_3_mashed
          [minmay_the_grid_triangle_9x9_from_above,
          minmay_the_grid_triangle_9x9_warning,
          minmay_the_grid_triangle_9x9_subtriangle,
          minmay_the_grid_triangle_9x9_prize_insulated,
          minmay_the_grid_triangle_9x9_skeleton,
          minmay_the_grid_triangle_9x9_windchime,
          minmay_the_grid_triangle_9x9_swiss_cheese,
          minmay_the_grid_triangle_9x9_minimal,
          minmay_the_grid_triangle_9x9_tough_junction], layout_long_grid,
          hell_entry, rand_demon_pan_entry_3, kennysheep_small_square

Skill      XL: |  1  2  3  4  5  6  7  8  9 10 11 12 13 14 15 16 17 18 19 20 21 22 |
---------------+-------------------------------------------------------------------+-----
Armour         | 2 3 4 6 8 |  8.1
Dodging        | 2 4 6 8 10 11 12 13 15 16 17 18 19 20 | 20.0
Maces & Flails | 3 |  3.0
Fighting       | 4 5 7 9 10 11 12 13 14 15 16 17 18 19 20 21 22 | 22.5
Short Blades   | 3 6 8 9 11 13 14 | 14.0
Shields        | 4 |  4.0
Evocations     | 5 9 11 13 14 16 | 16.7

Action                   |  1- 3 |  4- 6 |  7- 9 | 10-12 | 13-15 | 16-18 | 19-21 | 22-24 || total
-------------------------+-------+-------+-------+-------+-------+-------+-------+-------++-------
Melee: Mace              |   120 |       |       |       |       |       |       |       ||   120
       Flail             |    14 |   232 |   380 |       |       |       |       |       ||   626
       Rapier            |       |       |   208 |   863 |  2736 |  2783 |       |       ||  6590
       Quick blade       |       |       |       |    42 |       |   701 |  4321 |   445 ||  5509
Throw: Dart              |       |     4 |     4 |     4 |    14 |    12 |       |       ||    38
Invok: Trog's Hand       |     2 |     1 |     2 |     2 |    11 |     4 |     7 |     2 ||    31
       Berserk           |     1 |     2 |     2 |     2 |     4 |     4 |     8 |     1 ||    24
       Brothers in Arms  |       |       |     1 |     4 |     6 |     1 |     3 |     1 ||    16
Evoke: Wand              |       |       |       |       |       |     2 |       |       ||     2
       Box of beasts     |       |       |       |       |       |       |       |     1 ||     1
  Use: Scroll            |     2 |       |    10 |    16 |    10 |     1 |     2 |     1 ||    42
       Potion            |       |       |       |       |     4 |     4 |     5 |       ||    13
 Stab: Distracted        |       |     1 |       |     3 |     9 |     7 |    10 |     1 ||    31
Armor: Animal skin       |    52 |     2 |       |       |       |       |       |       ||    54
       Scale mail        |       |   110 |   442 |   471 |  1198 |  1058 |   581 |    47 ||  3907
Dodge: Dodged            |   115 |   122 |   427 |   669 |  2093 |  2273 |  1449 |   143 ||  7291
       Repelled          |       |       |       |       |       |       |       |     2 ||     2
Block: Buckler           |       |       |       |       |       |   518 |   325 |    33 ||   876

Table legend: (Time is in decaauts)
 A = Elapsed time spent in this place.
 B = Non-inter-level travel time spent in this place.
 C = Inter-level travel time spent in this place.
 D = Time resting spent in this place.
 E = Time spent auto-exploring this place.
 F = Levels seen in this place.
 G = Mean time per level.
                   A        B        C        D        E       F      G
               +--------+--------+--------+--------+--------+-----+--------+
         Total | 108413 | 103437 |   4976 |  52950 |  27407 |  44 | 2463.9 |
       Dungeon |  31493 |  29554 |   1939 |  13273 |   9763 |  15 | 2099.5 |
          Lair |  16555 |  15718 |    837 |   8363 |   4556 |   6 | 2759.2 |
        Shoals |  14521 |  13975 |    546 |   8623 |   2504 |   4 | 3630.2 |
   Spider Nest |  17115 |  16789 |    326 |  10225 |   3427 |   4 | 4278.8 |
  Orcish Mines |   4037 |   3782 |    255 |   1576 |   1033 |   2 | 2018.5 |
   Elven Halls |   3496 |   3385 |    111 |    975 |   1603 |   2 | 1748.0 |
        Vaults |  13496 |  12700 |    796 |   6491 |   2719 |   4 | 3374.0 |
         Crypt |      6 |      6 |      0 |      0 |      0 |   1 |    6.0 |
        Depths |   5666 |   5503 |    163 |   2382 |   1621 |   3 | 1888.7 |
       Ossuary |    659 |    659 |      0 |    284 |     54 |   1 |  659.0 |
      Ice Cave |    913 |    913 |      0 |    444 |    126 |   1 |  913.0 |
       Volcano |    452 |    452 |      0 |    311 |      0 |   1 |  452.0 |
               +--------+--------+--------+--------+--------+-----+--------+

Top non-repeatable levels by time:
Spider:3: 7546 daAuts
Shoals:3: 5464 daAuts
Vaults:2: 4730 daAuts
    D:14: 4268 daAuts
Vaults:3: 4193 daAuts
  Lair:5: 4089 daAuts
Spider:4: 3689 daAuts
  Lair:6: 3685 daAuts
  Lair:2: 3661 daAuts
Depths:1: 3396 daAuts
Shoals:1: 3329 daAuts
    D:13: 3313 daAuts
Shoals:4: 3156 daAuts
    D:15: 2968 daAuts
Spider:2: 2941 daAuts
